 Dungeon Crawl Stone Soup version 0.20-a0-299-gec7c366 (webtiles) character file.

24053 nubinia the Thaumaturge (level 12, -6/58 HPs)
             Began as a Spriggan Venom Mage on Dec 15, 2016.
             Was a High Priest of Sif Muna.
             Killed from afar by an orc sorcerer (9 damage)
             ... with a bolt of fire
             ... on level 2 of the Orcish Mines.
             The game lasted 01:15:00 (14532 turns).

nubinia the Thaumaturge (Spriggan Venom Mage)      Turns: 14532, Time: 01:15:02

Health: -6/58      AC:  4    Str:  4    XL:     12   Next: 77%
Magic:  20/30      EV: 29    Int: 19    God:    Sif Muna [*****.]
Gold:   680        SH:  8    Dex: 22    Spells: 26/38 levels left

rFire  + . .     SeeInvis +     a - +9 rapier of Suutepn {drain, rElec rPois Dex+3}
rCold  + + .     Gourm    .     t - +1 animal skin
rNeg   + . .     Faith    .     l - +1 buckler {rC+}
rPois  +         Spirit   .     (helmet restricted)
rElec  +         Reflect  .     u - +0 cloak
rCorr  .         Harm     .     (gloves unavailable)
MR     ++...                    (boots unavailable)
Stlth  ++++++....               (no amulet)
                                P - ring "Micorunu" {rF+ rC+ rN+}
                                q - +3 ring of evasion

@: divine energy, very quick
A: unfitting armour, see invisible, herbivore 3, speed 3, slow metabolism 2
a: Stop Divine Energy, Channel Magic, Forget Spell, Renounce Religion


You were on level 2 of the Orcish Mines.
You worshipped Sif Muna.
Sif Muna was extremely pleased with you.
You were not hungry.

You visited 4 branches of the dungeon, and saw 16 of its levels.

You collected 1241 gold pieces.
You spent 561 gold pieces at shops.

Inventory:

Hand Weapons
 a - the +9 rapier of Suutepn (weapon) {drain, rElec rPois Dex+3}
   (You found it on level 7 of the Dungeon)

   A truly terrible weapon, it drains the life of those it strikes.
   It affects your dexterity (+3).
   It insulates you from electricity.
   It protects you from poison.
 b - a +1 flail of protection
 Q - the +6 dagger of Nalishir {elec, rN+ MR++ Int+3 Dex-2}
   (You found it on level 9 of the Dungeon)

   Occasionally, upon striking a foe, it will discharge some electrical energy
   and cause terrible harm.
   It affects your intelligence (+3).
   It affects your dexterity (-2).
   It protects you from negative energy.
   It affects your resistance to hostile enchantments.
Missiles
 o - 5 tomahawks of dispersal (quivered)
 p - 63 poisoned needles
Armour
 d - a +0 robe
 l - a +1 buckler of cold resistance (worn)
 t - a +1 animal skin (worn)
 u - a +0 cloak (worn)
Jewellery
 q - a +3 ring of evasion (left hand)
 J - an uncursed ring of poison resistance
 K - an uncursed ring of stealth
 P - the ring "Micorunu" (right hand) {rF+ rC+ rN+}
   (You bought it in a shop on level 8 of the Dungeon)

   [ring of protection from cold]

   It protects you from fire.
   It protects you from cold.
   It protects you from negative energy.
Wands
 C - a wand of flame (13/48)
 D - a wand of iceblast (0/15)
 L - a wand of iceblast (6/15)
 M - a wand of digging (10/24)
 O - a wand of flame (21/48)
 R - a wand of acid (9/15)
Scrolls
 e - 5 scrolls of identify
 g - 2 scrolls of blinking
 h - 3 scrolls of fear
 i - 2 scrolls of teleportation
 j - 2 scrolls of enchant armour
 m - 4 scrolls of fog
 n - a scroll of enchant weapon
 r - 2 scrolls of amnesia
 y - 3 scrolls of remove curse
 A - 4 scrolls of magic mapping
Potions
 f - 2 potions of lignification
 k - 2 potions of cure mutation
 s - 2 potions of resistance
 v - 2 potions of agility
 x - 3 potions of curing
 z - 2 potions of haste
 B - a potion of heal wounds
 G - a potion of berserk rage
 H - 3 potions of brilliance
Books
 w - a Young Poisoner's Handbook

   Spells                             Type                      Level
   a - Sting                          Conjuration/Poison           1
   b - Mephitic Cloud                 Conjuration/Poison/Air       3
   c - Olgreb's Toxic Radiance        Poison                       4
   d - Alistair's Intoxication        Transmutation/Poison         5
   e - Venom Bolt                     Conjuration/Poison           5
 E - a book of Party Tricks

   Spells                             Type                      Level
   a - Summon Butterflies             Summoning                    1
   b - Apportation                    Translocation                1
   c - Lesser Beckoning               Translocation                3
   d - Tukima's Dance                 Hexes                        3
   e - Alistair's Intoxication        Transmutation/Poison         5
   f - Invisibility                   Hexes                        6
 F - a book of Changes

   Spells                             Type                      Level
   a - Beastly Appendage              Transmutation                1
   b - Sticks to Snakes               Transmutation                2
   c - Spider Form                    Transmutation/Poison         3
   d - Ice Form                       Ice/Transmutation            4
   e - Blade Hands                    Transmutation                5
 I - a book of Alchemy

   Spells                             Type                      Level
   a - Sublimation of Blood           Necromancy                   2
   b - Ignite Poison                  Fire/Transmutation/Poison    3
   c - Petrify                        Transmutation/Earth          4
   d - Alistair's Intoxication        Transmutation/Poison         5
   e - Irradiate                      Conjuration/Transmutation    5
 N - Sif Muna's Volume of the Assistive Voyage
   (Sif Muna gifted it to you on level 4 of the Lair of Beasts)

   Spells                             Type                      Level
   a - Regeneration                   Charms/Necromancy            3
   b - Recall                         Summoning/Translocation      3
   c - Controlled Blink               Translocation                8
   d - Disjunction                    Translocation                8
Comestibles
 c - 4 bread rations


   Skills:
 + Level 3.9 Fighting
 + Level 10.5 Short Blades
 - Level 0.1 Maces & Flails
 + Level 8.6 Dodging
 + Level 12.9 Stealth
 + Level 2.0 Shields
 * Level 13.9 Spellcasting
 + Level 3.1 Conjurations
 * Level 5.3 Charms
 + Level 9.0 Translocations
 + Level 4.6 Air Magic
 - Level 4.2 Poison Magic
 + Level 1.5 Evocations


You had 26 spell levels left.
You knew the following spells:

 Your Spells              Type           Power        Failure   Level  Hunger
a - Sting                 Conj/Pois      ####         1%          1    None
b - Mephitic Cloud        Conj/Pois/Air  ####....     4%          3    None
c - Olgreb's Toxic Radia  Pois           ####....     14%         4    None
d - Regeneration          Chrm/Necr      ###.......   10%         3    None
A - Apportation           Tloc           #####.....   1%          1    None


Dungeon Overview and Level Annotations

Branches:
Dungeon (9/15)             Temple (1/1) D:6            Lair (4/6) D:8
 Shoals (0/4) Lair:4        Snake (0/4) Lair:4          Orc (2/2) D:9
    Elf (0/3) Orc:2

Altars:
Ashenzari
Dithmenos
Elyvilon
Fedhas
Gozag
Makhleb
Nemelex Xobeh
Okawaru
Sif Muna
Trog
Vehumet
Xom
Zin
The Shining One
Beogh

Shops:
D:8 =   D:9 (

Annotations:
Lair:1 WereVolvo's ghost, journeyman HOFi
Orc:1 DEFE's ghost, journeyman DrGl


Innate Abilities, Weirdness & Mutations

You are very small and have problems with some larger weapons.
You are too small for most types of armour.
You have supernaturally acute eyesight. (SInv)
You are a herbivore.
You cover ground extremely quickly.
You need consume almost no food.


Message History

The orc warrior shouts!
The troll shouts!
The ogre shouts!
The orc sorcerer hits the orc warlord but does no damage.
The orc warlord is engulfed in noxious fumes.
The orc warlord appears confused.
The orc warlord hits you with a bardiche!!
Ouch! That really hurt!
* * * LOW HITPOINT WARNING * * *
An orc warrior comes into view. It is wielding a mace.
Items here: ))) [ a flail; a long sword; a plate armour; a halberd
Things that are here:
a flail of protection; 20 gold pieces The orc sorcerer hits the orc warlord with a dagger.
The orc sorcerer seems less confused.
The orc priest calls down the wrath of Beogh upon you.
Beogh smites you!
* * * LOW HITPOINT WARNING * * *
The orc sorcerer gestures at you while chanting.
The bolt of fire hits you! You resist.
You die...

########### ############
###......##.#####...#.#....#
#...........................
#.#'##......................
#.#.)#......................
#.#.)#......#..###'#........
#.#..#.........#.).#........
#.#_8#.#...@#..#)8)#........
#.####......##.#)_)#..#.....
..#.......#......#####........
#....#......)...................
#>....#.)...#...$..............<
....#...##.##o§..................
.#.##....###ooo#.................
...#.....##oooo.#.#.... ......
........#..#..o..##.... ###..


You could see an orc warlord (confused), an orc sorcerer, 2 orc warriors, an orc
priest, an orc wizard (invisible) and 2 orcs.

Vanquished Creatures
  Kirke (Lair:4)
  4 hydras
  3 two-headed ogres
  The ghost of Kidiri the Thaumaturge, a novice DEFE of Vehumet (D:9)
  A deep elf archer (Orc:2)
  6 black mambas
  8 spiny frogs
  4 komodo dragons
  A troll (Orc:1)
  A polar bear (Lair:1)
  A hippogriff (D:8)
  5 blink frogs
  10 yaks
  4 wyverns
  2 hogs (Lair:4)
  A hungry ghost (D:8)
  3 basilisks
  3 nagas (Lair:4)
  A warg (Orc:2)
  4 water moccasins
  11 porcupines
  A black bear (D:8)
  10 orc warriors
  3 phantoms
  A sky beast (D:6)
  5 ogres
  4 wolves
  7 crocodiles
  3 centaurs (D:8)
  8 bullfrogs
  A wyvern zombie (D:9)
  7 killer bees
  5 scorpions
  3 howler monkeys
  3 crimson imps (D:8)
  2 centaur zombies
  4 hounds
  13 orc priests
  Crazy Yiuf (D:3)
  A centaur skeleton (D:9)
  2 jellies (D:8)
  Terence (D:1)
  10 orc wizards
  3 iguanas
  4 worker ants
  A hound skeleton (D:6)
  Robin (D:3)
  3 gnolls (Orc:2)
  A worker ant zombie (D:5)
  13 adders
  2 adder zombies
  4 adder skeletons
  A worm (D:2)
  2 dart slugs
  6 leopard geckos
  64 orcs
  2 ball pythons
  4 giant cockroaches
  11 goblins
  7 hobgoblins
  7 jackals
  4 quokkas
  3 bats
  7 frilled lizards
  A jackal skeleton (D:6)
  2 kobolds
  A quokka skeleton (D:4)
  A quokka zombie (D:6)
  4 rats (D:3)
  A fungus (Lair:4)
330 creatures vanquished.

Vanquished Creatures (others)
  A quokka (D:6)
  2 fungi (Lair:4)
  2 plants (Lair:4)
5 creatures vanquished.

Grand Total: 335 creatures vanquished

Notes
Turn   | Place    | Note
-------+----------+-------------------------------------------
     0 | D:1      | nubinia the Spriggan Venom Mage began the quest for the Orb.
     0 | D:1      | Reached XP level 1. HP: 9/9 MP: 5/5
   299 | D:1      | Reached XP level 2. HP: 12/13 MP: 1/6
   377 | D:1      | Reached skill level 3 in Spellcasting
   688 | D:2      | Noticed Terence
   917 | D:1      | Killed Terence
   917 | D:1      | Reached XP level 3. HP: 16/16 MP: 0/9
  1047 | D:2      | Reached skill level 4 in Spellcasting
  1122 | D:2      | You fall through a shaft for 2 floors!
  1495 | D:3      | Reached XP level 4. HP: 21/21 MP: 5/11
  1545 | D:3      | Learned a level 3 spell: Mephitic Cloud
  1551 | D:3      | Noticed Robin
  1624 | D:2      | Reached skill level 1 in Short Blades
  1830 | D:2      | Found a bloodstained altar of Trog.
  2128 | D:2      | Reached skill level 5 in Spellcasting
  2271 | D:3      | Killed Robin
  2392 | D:3      | Found an opulent altar of Gozag.
  2392 | D:3      | Found a glowing silver altar of Zin.
  2563 | D:2      | Reached XP level 5. HP: 19/24 MP: 7/14
  2621 | D:2      | Learned a level 4 spell: Olgreb's Toxic Radiance
  3156 | D:3      | Reached skill level 6 in Spellcasting
  3557 | D:3      | Reached XP level 6. HP: 28/28 MP: 4/16
  3674 | D:3      | Found a runed door.
  3744 | D:3      | Noticed Crazy Yiuf
  3751 | D:3      | Killed Crazy Yiuf
  3751 | D:3      | Reached skill level 7 in Spellcasting
  3948 | D:4      | Found a shimmering altar of Xom.
  4208 | D:4      | Reached skill level 5 in Stealth
  4499 | D:5      | Entered Level 5 of the Dungeon
  4516 | D:5      | Found a glowing golden altar of the Shining One.
  4516 | D:5      | Found a shadowy altar of Dithmenos.
  4516 | D:5      | Found a sparkling altar of Nemelex Xobeh.
  4798 | D:5      | Found a blossoming altar of Fedhas.
  4846 | D:5      | Found a deep blue altar of Sif Muna.
  4849 | D:5      | Became a worshipper of Sif Muna the Loreminder
  4895 | D:5      | Reached XP level 7. HP: 30/32 MP: 19/19
  5145 | D:5      | Reached skill level 8 in Spellcasting
  5178 | D:5      | Found a shattered altar of Ashenzari.
  5551 | D:6      | Reached skill level 1 in Fighting
  5651 | D:6      | Reached skill level 1 in Air Magic
  5774 | D:6      | Found a white marble altar of Elyvilon.
  5928 | D:6      | Found a burning altar of Makhleb.
  5929 | D:6      | Found a radiant altar of Vehumet.
  6098 | D:6      | Found a staircase to the Ecumenical Temple.
  6115 | Temple   | Entered the Ecumenical Temple
  6705 | D:6      | Reached XP level 8. HP: 37/37 MP: 8/21
  7064 | D:7      | Reached * piety under Sif Muna
  7064 | D:7      | Reached skill level 9 in Spellcasting
  7122 | D:7      | Got a crude rapier
  7123 | D:7      | Identified the +9 rapier of Suutepn {drain, rElec rPois Dex+3} (You found it on level 7 of the Dungeon)
  7358 | D:7      | Reached skill level 10 in Spellcasting
  7367 | D:7      | Reached skill level 5 in Dodging
  7376 | D:7      | Learned a level 1 spell: Apportation
  7775 | D:8      | Reached ** piety under Sif Muna
  7780 | D:8      | Found a staircase to the Lair.
  7795 | D:8      | Found Haenaaf's Jewellery Shop.
  7798 | D:8      | Reached XP level 9. HP: 36/41 MP: 24/24
  7848 | D:8      | Reached skill level 1 in Translocations
  7940 | D:8      | Reached skill level 5 in Short Blades
  8201 | D:8      | Found an iron altar of Okawaru.
  8309 | D:8      | Identified a scroll of acquirement
  8685 | D:8      | Noticed a two-headed ogre
  8697 | D:8      | Killed a two-headed ogre
  8697 | D:8      | Reached skill level 11 in Spellcasting
  8697 | D:8      | Reached skill level 1 in Conjurations
  8697 | D:8      | Reached skill level 5 in Translocations
  8697 | D:8      | Reached XP level 10. HP: 40/47 MP: 20/26
  8804 | Lair:1   | Entered Level 1 of the Lair of Beasts
  8804 | Lair:1   | Noticed a black mamba
  8808 | Lair:1   | Killed a black mamba
  8825 | Lair:1   | Noticed a black mamba
  8829 | Lair:1   | Noticed WereVolvo's ghost (journeyman HOFi)
  8869 | D:8      | Killed a black mamba
  8884 | D:8      | HP: 2/47 [poisoned by a black mamba]
  8890 | D:8      | HP: 2/47 [poisoned by a black mamba]
  8896 | D:8      | HP: 1/47 [poisoned by a black mamba]
  8903 | D:8      | HP: 1/47 [poisoned by a black mamba]
  8908 | D:8      | HP: 1/47 [poisoned by a black mamba]
  9343 | Lair:1   | Noticed a spiny frog
  9350 | Lair:1   | Killed a spiny frog
  9350 | Lair:1   | Reached skill level 1 in Shields
  9378 | Lair:1   | Reached *** piety under Sif Muna
  9525 | Lair:1   | Noticed a black mamba
  9541 | Lair:1   | Killed a black mamba
  9671 | Lair:1   | Noticed a black mamba
  9678 | Lair:1   | Killed a black mamba
  9678 | Lair:1   | Reached skill level 12 in Spellcasting
 10339 | Lair:2   | Reached XP level 11. HP: 50/51 MP: 28/28
 10407 | Lair:2   | Reached skill level 10 in Stealth
 10567 | Lair:3   | Reached **** piety under Sif Muna
 10935 | Lair:3   | Noticed an eight-headed hydra
 10942 | Lair:3   | Killed an eight-headed hydra
 11699 | Lair:4   | Noticed an eight-headed hydra
 11704 | Lair:4   | Killed an eight-headed hydra
 11709 | Lair:4   | Found a staircase to the Shoals.
 11713 | Lair:4   | Noticed a six-headed hydra
 11770 | Lair:4   | Reached skill level 13 in Spellcasting
 11789 | Lair:4   | Found a staircase to the Snake Pit.
 12395 | Lair:4   | Killed a six-headed hydra
 12395 | Lair:4   | Reached XP level 12. HP: 33/58 MP: 30/30
 12611 | Lair:4   | Reached ***** piety under Sif Muna
 12611 | Lair:4   | Identified Sif Muna's Volume of the Assistive Voyage (Sif Muna gifted it to you on level 4 of the Lair of Beasts)
 12611 | Lair:4   | Received a gift from Sif Muna
 12617 | Lair:4   | Learned a level 3 spell: Regeneration
 12664 | Lair:4   | Noticed a six-headed hydra
 12816 | Lair:4   | Noticed Kirke
 12832 | Lair:4   | Killed Kirke
 12832 | Lair:4   | Reached skill level 1 in Evocations
 12934 | Lair:4   | Killed a six-headed hydra
 12934 | Lair:4   | Reached skill level 10 in Short Blades
 12985 | Lair:4   | Noticed a seven-headed hydra
 13082 | D:8      | Bought the ring "Micorunu" {rF+ rC+ rN+} for 561 gold pieces
 13146 | D:9      | Noticed a two-headed ogre
 13150 | D:9      | Noticed Kidiri's ghost (novice DEFE)
 13154 | D:9      | Killed a two-headed ogre
 13168 | D:9      | Killed Kidiri's ghost
 13219 | D:9      | Got a scorched dagger
 13220 | D:9      | Identified the +6 dagger of Nalishir {elec, rN+ MR++ Int+3 Dex-2} (You found it on level 9 of the Dungeon)
 13459 | D:9      | Found a staircase to the Orcish Mines.
 13568 | D:9      | Noticed a two-headed ogre
 13585 | D:9      | Killed a two-headed ogre
 13791 | D:9      | Found Feqesero's Antique Weapon Boutique.
 13958 | Orc:1    | Entered Level 1 of the Orcish Mines
 13974 | Orc:1    | Noticed DEFE's ghost (journeyman DrGl)
 14186 | Orc:1    | You fall through a shaft!
 14186 | Orc:2    | Entered Level 2 of the Orcish Mines
 14375 | Orc:2    | Found a roughly hewn altar of Beogh.
 14423 | Orc:2    | Found a roughly hewn altar of Beogh.
 14441 | Orc:2    | Found a staircase to the Elven Halls.
 14483 | Orc:2    | Reached skill level 5 in Charms
 14500 | Orc:2    | Noticed an orc warlord
 14532 | Orc:2    | Killed from afar by an orc sorcerer

Vault maps used:
D:1:      minmay_arrival_three_doors, nrook_mini_backslash
D:2:      lightli_temple_of_fire, st_stairs_13, serial_bayou_pond_c,
          uniq_terence
D:3:      grunt_temple_overflow_gold_and_silver, grunt_ministairs_9,
          uniq_crazy_yiuf_cottage, uniq_robin
D:4:      first_bread, xom_teletrap_fun
D:5:      lemuel_doored_altar, nicolae_overflow_quartered_altars, fedhas_altar_4
D:6:      grunt_temple_overflow_lords_of_destruction, elyvilon_altar_4
D:8:      kennysheep_mini, david_lair_generic, serial_shops, shop_fountains
D:9:      david_orc_2, serial_shops, shop
Temple:   nicolae_temple_figure_zero
Lair:1:   cheibrodos_lair_lostbears
Lair:2:   st_stairs_6, grunt_megastairs_2
Lair:4:   elwin_shoals_entry_rocks, guppyfry_snake_entry_garden, uniq_kirke
Orc:1:    nicolae_orc_tapped_out
Orc:2:    grunt_orc_community_town_hall, grunt_orc_community_big_house_1,
          grunt_orc_community_big_house_2, grunt_orc_community_house_1,
          grunt_orc_community_house_1, grunt_orc_community_house_2,
          grunt_orc_community_house_3

Skill      XL: |  1  2  3  4  5  6  7  8  9 10 11 12 |
---------------+-------------------------------------+-----
Spellcasting   | 3 4 5 6 7 8 10 11 12 13 | 13.9
Short Blades   | 1 2 4 6 7 9 10 | 10.5
Stealth        | 4 5 6 7 9 11 12 | 12.9
Fighting       | 1 2 3 |  3.9
Dodging        | 4 5 6 7 8 |  8.6
Air Magic      | 1 3 4 |  4.6
Translocations | 5 6 8 9 |  9.0
Conjurations   | 1 2 3 |  3.1
Shields        | 1 2 |  2.0
Charms         | 5 |  5.3
Evocations     | 1 |  1.5
Maces & Flails | |  0.1
Poison Magic   | |  4.2

Action                   |  1- 3 |  4- 6 |  7- 9 | 10-12 || total
-------------------------+-------+-------+-------+-------++-------
Melee: Dagger            |    12 |    85 |   146 |       ||   243
       Flail             |       |     7 |       |       ||     7
       Rapier            |       |       |   138 |   397 ||   535
 Cast: Sting             |    76 |   151 |   147 |    75 ||   449
       Olgreb's Toxic Ra |       |     1 |     3 |    12 ||    16
       Mephitic Cloud    |       |     4 |    12 |    25 ||    41
Invok: Divine Energy     |       |       |     1 |       ||     1
Evoke: Wand              |       |       |       |    13 ||    13
  Use: Scroll            |     3 |     7 |    10 |     9 ||    29
       Potion            |       |       |       |     1 ||     1
 Stab: Sleeping          |     2 |    10 |    18 |    31 ||    61
       Confused          |       |     3 |     6 |    23 ||    32
       Distracted        |       |       |     1 |     1 ||     2
  Eat: Royal jelly       |       |     1 |       |       ||     1
       Pizza             |       |       |     1 |       ||     1
       Bread ration      |       |       |     1 |     1 ||     2
Armor: Robe              |       |     1 |       |       ||     1
       Animal skin       |       |     5 |    11 |     5 ||    21
Dodge: Dodged            |    12 |    72 |   189 |   195 ||   468
Block: Buckler           |       |       |    13 |    93 ||   106
